TEX
SAN ANTONIO MISSIONS @ CORPUS CHRISTI HOOKS
08/01/2099
 
TOP OF THE 1ST
San Antonio Missions batting - Pitching for Corpus Christi Hooks : LHP Manny Bugarin
Pitching: LHP Manny Bugarin
Batting: RHB Rich Ortiz 0-0: Ball
1-0: Called Strike
1-1: Ball
2-1: Ball
3-1: Base on Balls
Batting: SHB Billy Schneider 0-0: Ball
1-0: Foul Ball, location: 25F
1-1: Foul Ball, location: 7LMF
1-2: Ball
2-2: Strikes out looking
Batting: RHB Sincere Robinson 0-0: Foul Ball, location: 9LDF
0-1: Ball
1-1: Grounds into double play, 6-4-3 (Groundball, 6, EV 83.8 MPH)
Top of the 1st over - 0 runs, 0 hits, 0 errors, 0 left on base; San Antonio 0 - Corpus Christi 0
BOTTOM OF THE 1ST
Corpus Christi Hooks batting - Pitching for San Antonio Missions : LHP Francisco Ruelas
Pitching: LHP Francisco Ruelas
Batting: LHB Jesse Boal 0-0: Foul Ball, location: 7LSF
0-1: Called Strike
0-2: Foul Ball, location: 5F
0-2: Foul Ball, location: 9LDF
0-2: Ground out 3-1 (Groundball, 34S, EV 89.4 MPH)
Batting: RHB Donovan Miller 0-0: Ground out 6-3 (Groundball, 6, EV 101.9 MPH)
Batting: RHB Aldo Roberts 0-0: Ball
1-0: Ball
2-0: Ball
3-0: Called Strike
3-1: Foul Ball, location: 9LSF
3-2: Foul Ball, location: 2F
3-2: Foul Ball, location: 23F
3-2: Base on Balls
Batting: RHB Eric Black 0-0: Called Strike
0-1: Called Strike
Aldo Roberts is caught stealing 2nd base 2-4
Bottom of the 1st over - 0 runs, 0 hits, 0 errors, 0 left on base; San Antonio 0 - Corpus Christi 0
TOP OF THE 2ND
San Antonio Missions batting - Pitching for Corpus Christi Hooks : LHP Manny Bugarin
Batting: LHB Corey Noto 0-0: Ball
1-0: Ball
2-0: Called Strike
2-1: Ground out 6-3 (Groundball, 6M, EV 85.6 MPH)
Batting: RHB Nick Spielman 0-0: Ball
1-0: Called Strike
1-1: SINGLE (Line Drive, 56D, EV 105.6 MPH)
Batting: RHB Kyle Kurtz 0-0: Called Strike
0-1: Foul Ball, location: 2F
0-2: Ball
1-2: Strikes out swinging
Batting: RHB Mike McMichael 0-0: Ball
1-0: Ball
2-0: Fly out, F8 (Flyball, 8LXD, EV 96.3 MPH)
Top of the 2nd over - 0 runs, 1 hit, 0 errors, 1 left on base; San Antonio 0 - Corpus Christi 0
BOTTOM OF THE 2ND
Corpus Christi Hooks batting - Pitching for San Antonio Missions : LHP Francisco Ruelas
Batting: RHB Eric Black 0-0: Ball
1-0: Foul Ball, location: 7LSF
1-1: Foul Ball, location: 2F
1-2: Foul Ball, location: 5SF
1-2: Foul Ball, location: 2F
1-2: Fly out, F7 (Flyball, 7S, EV 81.3 MPH)
Batting: RHB David Warren 0-0: Ball
1-0: Ball
2-0: Called Strike
2-1: Foul Ball, location: 5FF
2-2: Strikes out looking
Batting: LHB Malik Lindsey 0-0: Swinging Strike
0-1: Ball
1-1: Foul Ball, location: 2F
1-2: Foul Ball, location: 2F
1-2: SINGLE (Line Drive, 34, EV 95.0 MPH)
Batting: RHB Ryan Avey 0-0: Foul Ball, location: 2F
0-1: Foul Ball, location: 2LF
0-2: Foul Ball, location: 2F
0-2: Ball
1-2: Strikes out swinging
Bottom of the 2nd over - 0 runs, 1 hit, 0 errors, 1 left on base; San Antonio 0 - Corpus Christi 0
TOP OF THE 3RD
San Antonio Missions batting - Pitching for Corpus Christi Hooks : LHP Manny Bugarin
Batting: RHB Devon Pardoe 0-0: Foul Ball, location: 25FF
0-1: Ball
1-1: Ball
2-1: Foul Ball, location: 9LSF
2-2: SINGLE (Flyball, 89S, EV 96.3 MPH)
Batting: RHB Mark Williams 0-0: Sac Bunt to 2R - play at first, batter OUT! 2-3
Devon Pardoe to second
Batting: RHB Rich Ortiz 0-0: Foul Ball, location: 2F
0-1: Ball
1-1: Called Strike
1-2: Foul Ball, location: 25FF
1-2: Ball
2-2: Ball
3-2: Ground out 6-3 (Groundball, 56, EV 86.9 MPH)
Batting: SHB Billy Schneider 0-0: Ball
1-0: Called Strike
1-1: Fly out, F9 (Flyball, 9D, EV 106.3 MPH)
Top of the 3rd over - 0 runs, 1 hit, 0 errors, 1 left on base; San Antonio 0 - Corpus Christi 0
BOTTOM OF THE 3RD
Corpus Christi Hooks batting - Pitching for San Antonio Missions : LHP Francisco Ruelas
Batting: RHB Danny Nunez 0-0: Called Strike
0-1: Foul Ball, location: 23FF
0-2: Foul Ball, location: 3FF
0-2: Ball
1-2: Strikes out looking
Batting: RHB Dave Alley 0-0: Called Strike
0-1: Ball
1-1: Called Strike
1-2: SINGLE (Line Drive, 6M, EV 105.0 MPH)
Batting: LHB Jesse Boal 0-0: Ball
1-0: Called Strike
1-1: Foul Ball, location: 3F
1-2: Ball
2-2: Ball
3-2: Strikes out looking
Batting: RHB Donovan Miller 0-0: Ball
Dave Alley is caught stealing 2nd base 2-4
Bottom of the 3rd over - 0 runs, 1 hit, 0 errors, 0 left on base; San Antonio 0 - Corpus Christi 0
TOP OF THE 4TH
San Antonio Missions batting - Pitching for Corpus Christi Hooks : LHP Manny Bugarin
Batting: RHB Sincere Robinson 0-0: Ball
1-0: Called Strike
1-1: Swinging Strike
1-2: Strikes out looking
Batting: LHB Corey Noto 0-0: Called Strike
0-1: Ball
1-1: Ball
2-1: Ground out U3 (Groundball, 34, EV 88.1 MPH)
Batting: RHB Nick Spielman 0-0: Called Strike
0-1: Called Strike
0-2: Ball
1-2: Ball
2-2: Foul Ball, location: 7LSF
2-2: SINGLE (Groundball, 34S, EV 71.3 MPH) (infield hit)
Batting: RHB Kyle Kurtz 0-0: Ball
1-0: Foul Ball, location: 2F
1-1: Foul Ball, location: 9LDF
1-2: Foul Ball, location: 2RF
1-2: Strikes out swinging
Top of the 4th over - 0 runs, 1 hit, 0 errors, 1 left on base; San Antonio 0 - Corpus Christi 0
BOTTOM OF THE 4TH
Corpus Christi Hooks batting - Pitching for San Antonio Missions : LHP Francisco Ruelas
Batting: RHB Donovan Miller 0-0: Swinging Strike
0-1: Called Strike
0-2: Foul Ball, location: 2F
0-2: Fly out, F6 (Line Drive, 6, EV 76.9 MPH)
Batting: RHB Aldo Roberts 0-0: Ball
1-0: Foul Ball, location: 23FF
1-1: Foul Ball, location: 2F
1-2: Ball
2-2: Ball
3-2: Strikes out looking
Batting: RHB Eric Black 0-0: Ball
1-0: Foul Ball, location: 2F
1-1: Ball
2-1: Called Strike
2-2: Foul Ball, location: 2F
2-2: Ground out 4-3 (Groundball, 4, EV 100.6 MPH)
Bottom of the 4th over - 0 runs, 0 hits, 0 errors, 0 left on base; San Antonio 0 - Corpus Christi 0
TOP OF THE 5TH
San Antonio Missions batting - Pitching for Corpus Christi Hooks : LHP Manny Bugarin
Batting: RHB Mike McMichael 0-0: Ball
1-0: SINGLE (Groundball, 15S, EV 71.3 MPH) (infield hit)
Batting: RHB Devon Pardoe 0-0: Called Strike
0-1: Foul Ball, location: 5SF
0-2: Ball
1-2: Ball
2-2: Fielders Choice at 2nd, 6-4 (Groundball, 56, EV 103.1 MPH)
Batting: RHB Mark Williams 0-0: Ball
1-0: Called Strike
1-1: Fly out, F6 (Popup, 56, EV 61.3 MPH)
Batting: RHB Rich Ortiz 0-0: Called Strike
0-1: Foul Ball, location: 9LDF
0-2: Fielders Choice at 2nd, 4-6 (Groundball, 4MD, EV 103.1 MPH)
Top of the 5th over - 0 runs, 1 hit, 0 errors, 1 left on base; San Antonio 0 - Corpus Christi 0
BOTTOM OF THE 5TH
Corpus Christi Hooks batting - Pitching for San Antonio Missions : LHP Francisco Ruelas
Pitching: LHP Ryan Sorenson
Batting: RHB David Warren 0-0: Called Strike
0-1: Ball
1-1: SINGLE (Groundball, 56S, EV 66.9 MPH) (infield hit)
Batting: LHB Malik Lindsey 0-0: Fly out, F6 (Popup, 15, EV 80.0 MPH)
Batting: RHB Ryan Avey 0-0: Ball
1-0: Fly out, F9 (Line Drive, 9, EV 85.0 MPH)
Batting: RHB Danny Nunez 0-0: Called Strike
0-1: Called Strike
0-2: Foul Ball, location: 5F
0-2: Ground out 4-3 (Groundball, 34, EV 83.1 MPH)
Bottom of the 5th over - 0 runs, 1 hit, 0 errors, 1 left on base; San Antonio 0 - Corpus Christi 0
TOP OF THE 6TH
San Antonio Missions batting - Pitching for Corpus Christi Hooks : LHP Manny Bugarin
Batting: SHB Billy Schneider 0-0: Ball
1-0: Ball
2-0: Ball
3-0: Called Strike
3-1: Foul Ball, location: 5FF
3-2: Strikes out swinging
Batting: RHB Sincere Robinson 0-0: Foul Ball, location: 2F
0-1: Called Strike
0-2: Ball
1-2: Foul Ball, location: 23F
1-2: Ball
2-2: Foul Ball, location: 2LF
2-2: Ball
3-2: Foul Ball, location: 2RF
3-2: Strikes out swinging
Batting: LHB Corey Noto 0-0: Called Strike
0-1: Fly out, F5 (Flyball, 56D, EV 100.0 MPH)
Top of the 6th over - 0 runs, 0 hits, 0 errors, 0 left on base; San Antonio 0 - Corpus Christi 0
BOTTOM OF THE 6TH
Corpus Christi Hooks batting - Pitching for San Antonio Missions : LHP Ryan Sorenson
Batting: RHB Dave Alley 0-0: Called Strike
0-1: Ball
1-1: Ball
2-1: Ball
3-1: Base on Balls
Batting: LHB Jesse Boal Pickoff Play to 1st, Runner tries for 2nd, OUT after rundown.
Pinch Hitting: RHB Chad Boston 0-0: Swinging Strike
0-1: Ball
1-1: SINGLE (Line Drive, 9S, EV 98.8 MPH)
Batting: RHB Donovan Miller 0-0: Called Strike
0-1: Ball
1-1: Fly out, F8 (Flyball, 8RXD, EV 105.0 MPH)
Batting: RHB Aldo Roberts 0-0: Called Strike
0-1: Swinging Strike
0-2: Ball
Chad Boston is caught stealing 2nd base 2-4
Bottom of the 6th over - 0 runs, 1 hit, 0 errors, 0 left on base; San Antonio 0 - Corpus Christi 0
TOP OF THE 7TH
San Antonio Missions batting - Pitching for Corpus Christi Hooks : LHP Manny Bugarin
Now in RF: Toby O'Dell
Batting: RHB Nick Spielman 0-0: Called Strike
0-1: Foul Ball, location: 2F
0-2: Fly out, F3 (Popup, 23F, EV 86.3 MPH)
Batting: RHB Kyle Kurtz 0-0: Called Strike
0-1: Fly out, F9 (Flyball, 89S, EV 106.9 MPH)
Batting: RHB Mike McMichael 0-0: Called Strike
0-1: Ball
1-1: Ball
2-1: Foul Ball, location: 5F
2-2: Foul Ball, location: 5F
2-2: Foul Ball, location: 2F
2-2: DOUBLE (Line Drive, 7LM, EV 110.0 MPH)
Batting: RHB Devon Pardoe 0-0: Ball
1-0: Foul Ball, location: 2F
1-1: Foul Ball, location: 2F
1-2: SINGLE (Groundball, 34D, EV 98.8 MPH)
Mike McMichael to third
Runner from 3rd tries for Home, SAFE, throw by RF to home
Pitching: RHP Josh Baird
Batting: RHB Mark Williams 0-0: Ball
1-0: Called Strike
1-1: Ball
2-1: Foul Ball, location: 3F
2-2: Fielders Choice at 2nd, 6-4 (Groundball, 6, EV 89.4 MPH)
Top of the 7th over - 1 run, 2 hits, 0 errors, 1 left on base; San Antonio 1 - Corpus Christi 0
BOTTOM OF THE 7TH
Corpus Christi Hooks batting - Pitching for San Antonio Missions : LHP Ryan Sorenson
Batting: RHB Aldo Roberts 0-0: Ball
1-0: Ground out 4-3 (Groundball, 4, EV 88.8 MPH)
Batting: RHB Eric Black 0-0: Ball
1-0: Ball
2-0: Ball
3-0: Called Strike
3-1: Base on Balls
Batting: RHB David Warren 0-0: Foul Ball, location: 2F
0-1: Foul Ball, location: 9LMF
0-2: Ball
1-2: Strikes out swinging
Pinch Hitting: RHB Nate McKean 0-0: Ball
1-0: Ball
2-0: Foul Ball, location: 5FF
2-1: Called Strike
2-2: Ball
3-2: Ground out 5-3 (Groundball, 56, EV 103.8 MPH)
Bottom of the 7th over - 0 runs, 0 hits, 0 errors, 1 left on base; San Antonio 1 - Corpus Christi 0
TOP OF THE 8TH
San Antonio Missions batting - Pitching for Corpus Christi Hooks : RHP Josh Baird
Now in CF: Toby O'Dell
Now in RF: Nate McKean
Batting: RHB Rich Ortiz 0-0: Called Strike
0-1: Ball
1-1: Ground out 6-3 (Groundball, 56, EV 103.8 MPH)
Batting: SHB Billy Schneider 0-0: Called Strike
0-1: Ball
1-1: Called Strike
1-2: Ball
2-2: Foul Ball, location: 9LSF
2-2: Foul Ball, location: 9LMF
2-2: Ball
3-2: Base on Balls
Batting: RHB Sincere Robinson 0-0: Ball
1-0: Called Strike
1-1: Fly out, F9 (Flyball, 9LM, EV 103.8 MPH)
Batting: LHB Corey Noto 0-0: 2-RUN HOME RUN (Flyball, 9D, EV 100.0 MPH), Distance : 359 ft
Batting: RHB Nick Spielman 0-0: Swinging Strike
0-1: Ball
1-1: Foul Ball, location: 25F
1-2: Foul Ball, location: 2F
1-2: Strikes out swinging
Top of the 8th over - 2 runs, 1 hit, 0 errors, 0 left on base; San Antonio 3 - Corpus Christi 0
BOTTOM OF THE 8TH
Corpus Christi Hooks batting - Pitching for San Antonio Missions : LHP Ryan Sorenson
Batting: RHB Ryan Avey 0-0: Called Strike
0-1: Called Strike
0-2: SINGLE (Line Drive, 9S, EV 92.5 MPH)
Batting: RHB Danny Nunez 0-0: Called Strike
0-1: Foul Ball, location: 23F
0-2: Foul Ball, location: 2F
0-2: Ball
1-2: Ball
2-2: Strikes out looking
Batting: RHB Dave Alley 0-0: Ball
1-0: Foul Ball, location: 5DF
1-1: Swinging Strike
1-2: Ball
2-2: Foul Ball, location: 9LMF
2-2: Grounds into double play, 3-6-3 (Groundball, 3, EV 88.1 MPH)
Bottom of the 8th over - 0 runs, 1 hit, 0 errors, 0 left on base; San Antonio 3 - Corpus Christi 0
TOP OF THE 9TH
San Antonio Missions batting - Pitching for Corpus Christi Hooks : RHP Josh Baird
Batting: RHB Kyle Kurtz 0-0: Foul Ball, location: 9LDF
0-1: Swinging Strike
0-2: Ground out 4-3 (Groundball, 4, EV 84.4 MPH)
Batting: RHB Mike McMichael 0-0: Foul Ball, location: 23FF
0-1: Swinging Strike
0-2: Ball
1-2: Strikes out swinging
Batting: RHB Devon Pardoe 0-0: Ball
1-0: Called Strike
1-1: Called Strike
1-2: Ball
2-2: Ball
3-2: SINGLE (Groundball, 4MD, EV 103.8 MPH) (infield hit)
Batting: RHB Mark Williams 0-0: Ball
1-0: Fielders Choice at 2nd, 5-4 (Groundball, 5, EV 79.4 MPH)
Top of the 9th over - 0 runs, 1 hit, 0 errors, 1 left on base; San Antonio 3 - Corpus Christi 0
BOTTOM OF THE 9TH
Corpus Christi Hooks batting - Pitching for San Antonio Missions : LHP Ryan Sorenson
Batting: LHB Toby O'Dell 0-0: Swinging Strike
0-1: Called Strike
0-2: Ball
1-2: Strikes out swinging
Batting: RHB Donovan Miller 0-0: Ball
1-0: Called Strike
1-1: Foul Ball, location: 7LSF
1-2: Foul Ball, location: 7LMF
1-2: Fly out, F4 (Popup, 4S, EV 66.3 MPH)
Batting: RHB Aldo Roberts 0-0: Ground out 5-3 (Groundball, 56S, EV 83.8 MPH)
Bottom of the 9th over - 0 runs, 0 hits, 0 errors, 0 left on base; San Antonio 3 - Corpus Christi 0
Monday, May 13th , 2024 - OOTP Baseball 24.11 Build 85